 Dungeon Sprint DCSS version 0.22-a0-389-g8519d86 (webtiles) character file.

15362 raistware the Fencer (level 12, 0/81 HPs)
             Began as a Kobold Berserker on Apr 30, 2018.
             Was an Elder of Trog.
             Slain by an anaconda (7 damage)
             ... in the Dungeon (Sprint IX: "|||||||||||||||||||||||||||||").
             The game lasted 00:32:49 (2324 turns).

raistware the Fencer (Kobold Berserker)             Turns: 2324, Time: 00:32:53

Health: 0/81       AC: 26    Str: 19    XL:     12   Next: 56%
Magic:  13/13      EV: 17    Int: 11    God:    Trog [****..]
Gold:   1189       SH:  0    Dex: 15    Spells: 11/11 levels left

rFire    x . .     SeeInvis .   z - +3 double sword (elec)
rCold    + + .     Gourm    .   (shield currently unavailable)
rNeg     . . .     Faith    .   A - +4 ice dragon scales
rPois    .         Spirit   .   x - +0 helmet
rElec    .         Reflect  .   F - +1 cloak
rCorr    .         Harm     .   a - +0 pair of gloves
MR       ++...     NoTele   +   n - +0 pair of boots
Stlth    ..........             (no amulet)
HPRegen  1.23/turn              p - +3 ring of intelligence
MPRegen  0.13/turn              q - +2 ring of protection

@: lethally poisoned (0 -> 0), berserk cooldown, very slightly contaminated,
regenerating, hasted and slowed, constricted
A: small, carnivore, frail 1, high mp 1
a: Berserk, Trog's Hand, Brothers in Arms, Renounce Religion


You were in the Dungeon.
You worshipped Trog.
Trog was greatly pleased with you.
You were very full.

You visited 1 branch You collected 1933 gold pieces.
You spent 744 gold pieces at shops.

Inventory:

Hand Weapons
 m - a +2 scimitar of holy wrath
 y - a +0 scimitar of flaming
 z - a +3 double sword of electrocution (weapon)
Armour
 a - a +0 pair of gloves (worn)
 n - a +0 pair of boots (worn)
 w - +4 fire dragon scales
 x - a +0 helmet (worn)
 A - +4 ice dragon scales (worn)
 F - a +1 cloak (worn)
Jewellery
 p - a +3 ring of intelligence (left hand)
 q - a +2 ring of protection (right hand)
 D - an uncursed ring of see invisible
 E - an uncursed ring of poison resistance
Wands
 l - a wand of acid (10)
 C - a wand of disintegration (10)
Scrolls
 k - 6 scrolls of remove curse
 s - 2 scrolls of fog
 B - a scroll of identify
Potions
 b - a potion of might
 d - 5 potions of curing
 e - 7 potions of heal wounds
 f - a potion of haste
 g - 4 potions of magic
 j - a potion of invisibility
 r - 2 potions of agility
Comestibles
 c - 14 rations


   Skills:
 + Level 16.7 Fighting
 * Level 16.9 Long Blades
 + Level 10.9 Armour
 + Level 12.7 Dodging


You had 11 spell levels left.
You didn't know any spells.

Dungeon Overview and Level Annotations

Branches:
Dungeon (1/1)

Altars:
Cheibriados
Dithmenos
Elyvilon
Fedhas
Gozag
Hepliaklqana
Kikubaaqudgha
Makhleb
Nemelex Xobeh
Okawaru
Qazlal
Ru
Sif Muna
Trog
Uskayaw
Vehumet
Wu Jian
Xom
Yredelemnul
Zin
The Shining One
Beogh
Jiyva
Lugonu

Shops:
D [![*


Innate Abilities, Weirdness & Mutations

You are small and have problems with some larger weapons.
You are carnivorous and can eat meat at any time.
You are frail. (-10% HP)
You have an increased reservoir of magic. (+10% MP)


Message History

You feel very sick.
You feel yourself speed up.
You feel very sick.
You feel sick.
You feel sick.
You feel sick.
You feel sick.
As you read the scroll of fog, it crumbles to dust.
The scroll dissolves into smoke.
You feel sick. The anaconda grabs you. The anaconda bites you.
* * * LOW HITPOINT WARNING * * *
x2 The anaconda constricts you.
The anaconda loses its grip on you.
You feel sick. The anaconda completely misses you.
You riposte.
You slash the anaconda!
The anaconda is moderately wounded.
The anaconda bites you!
* * * LOW HITPOINT WARNING * * *
The black mamba closely misses you. The anaconda grabs you.
The anaconda bites you!
You die...

▓▓▓▓▓▓▓▓▓▓▓▓▓▓▓▓▓▓▓
N.[SS........S.S§§▓
▓▓▓▓▓▓▓▓▓▓▓▓▓▓▓▓▓S▓
..............§§@S▓
▓▓▓▓▓▓▓▓▓▓▓▓▓▓▓▓▓▓▓
))).="..'.........▓
▓▓▓▓▓▓▓▓▓▓▓▓▓▓▓▓▓.▓
..................▓
▓▓▓▓▓▓▓▓▓▓▓▓▓▓▓▓▓▓▓
...)'............[▓
▓▓▓▓▓▓▓▓▓▓▓▓▓▓▓▓▓)▓
................))▓


You could see an anaconda and a black mamba.

Vanquished Creatures
  A nagaraja (D)
  A great orb of eyes (D)
  A hydra (D)
  Erica (D)
  An orc high priest (D)
  3 lindwurms (D)
  4 orc sorcerers (D)
  Psyche (D)
  2 spiny frogs (D)
  A tyrant leech (D)
  A polar bear (D)
  A basilisk (D)
  A yak (D)
  A porcupine (D)
  A water moccasin (D)
  An ice beast (D)
  2 orc warriors (D)
  An ogre (D)
  2 bullfrogs (D)
  2 orc priests (D)
  A hound (D)
  An iguana (D)
  15 orc wizards (D)
  A shadow imp (D)
  An adder skeleton (D)
  5 worms (D)
  3 orcs (D)
  A bat (D)
  A bat zombie (D)
  2 hobgoblins (D)
  A jackal skeleton (D)
  A kobold (D)
  A rat (D)
63 creatures vanquished.

Vanquished Creatures (collateral kills)
  Rupert (D)
  A vampire knight (D)
  An ice dragon (D)
  2 hydras (D)
  A centaur warrior (D)
  An orc high priest (D)
  2 orc knights (D)
  An ugly thing (D)
  A cyclops (D)
  Maurice (D)
  A naga mage (D)
  2 yaktaurs (D)
  A spiny frog (D)
  A komodo dragon (D)
  A yaktaur (shapeshifter) (D)
  A wind drake (shapeshifter) (D)
  A vampire (D)
  A steam dragon (D)
  2 water moccasins (D)
  A porcupine (D)
  8 orc warriors (D)
  An ice beast (D)
  A centaur (D)
  A crocodile (D)
  2 bullfrogs (D)
  A crimson imp (D)
  A jelly (D)
  2 orc priests (D)
  An orc (D)
  A bat skeleton (D)
  A quokka zombie (D)
44 creatures vanquished.

Grand Total: 107 creatures vanquished

Notes
Turn   | Place    | Note
-------+----------+-------------------------------------------
     0 | D        | raistware the Kobold Berserker began the quest for the Orb.
     0 | D        | Reached XP level 1. HP: 14/14 MP: 1/1
    17 | D        | Reached ** piety under Trog
   179 | D        | Noticed an orc wizard
   179 | D        | Noticed a hound
   179 | D        | Noticed an iguana
   180 | D        | Reached XP level 2. HP: 20/20 MP: 2/2
   187 | D        | Reached *** piety under Trog
   187 | D        | Reached skill level 5 in Fighting
   187 | D        | Reached XP level 3. HP: 26/26 MP: 3/3
   190 | D        | Reached skill level 5 in Long Blades
   190 | D        | Reached XP level 4. HP: 32/32 MP: 4/4
   199 | D        | Reached **** piety under Trog
   302 | D        | Found a roughly hewn altar of Beogh.
   302 | D        | Found a snail-covered altar of Cheibriados.
   302 | D        | Found a shadowy altar of Dithmenos.
   302 | D        | Found a white marble altar of Elyvilon.
   302 | D        | Found a blossoming altar of Fedhas.
   302 | D        | Found an opulent altar of Gozag.
   303 | D        | Found a hazy altar of Hepliaklqana.
   304 | D        | Found a viscous altar of Jiyva.
   305 | D        | Found an ancient bone altar of Kikubaaqudgha.
   306 | D        | Found a corrupted altar of Lugonu.
   307 | D        | Found a burning altar of Makhleb.
   308 | D        | Found a sparkling altar of Nemelex Xobeh.
   309 | D        | Found an iron altar of Okawaru.
   310 | D        | Found a stormy altar of Qazlal.
   311 | D        | Found a sacrificial altar of Ru.
   312 | D        | Found a deep blue altar of Sif Muna.
   313 | D        | Found a bloodstained altar of Trog.
   314 | D        | Found a hide-covered altar of Uskayaw.
   315 | D        | Found a radiant altar of Vehumet.
   316 | D        | Found an ornate altar of the Wu Jian Council.
   317 | D        | Found a shimmering altar of Xom.
   318 | D        | Found a basalt altar of Yredelemnul.
   319 | D        | Found a glowing silver altar of Zin.
   320 | D        | Found a glowing golden altar of the Shining One.
   373 | D        | Noticed an ogre
   373 | D        | Noticed an ice beast
   377 | D        | Reached XP level 5. HP: 37/37 MP: 5/5
   382 | D        | Killed an ice beast
   382 | D        | Reached XP level 6. HP: 44/44 MP: 6/6
   386 | D        | Killed an ogre
   405 | D        | Noticed an ice beast
   405 | D        | Noticed an eight-headed hydra
   405 | D        | Noticed a vampire
   407 | D        | Reached XP level 7. HP: 35/51 MP: 7/7
   408 | D        | Killed an eight-headed hydra
   408 | D        | Reached ***** piety under Trog
   408 | D        | Reached skill level 10 in Fighting
   408 | D        | Reached XP level 8. HP: 41/59 MP: 8/8
   408 | D        | Killed a vampire
   411 | D        | Received a gift from Trog
   546 | D        | Noticed a spiny frog
   546 | D        | Noticed a komodo dragon
   559 | D        | Killed a komodo dragon
   563 | D        | Killed a spiny frog
   568 | D        | Reached XP level 9. HP: 21/65 MP: 9/9
   574 | D        | Received a gift from Trog
   594 | D        | Noticed a polar bear
   594 | D        | Noticed a six-headed hydra
   594 | D        | Noticed a spiny frog
   609 | D        | Killed a seven-headed hydra
   609 | D        | Reached skill level 5 in Armour
   616 | D        | Killed a spiny frog
   622 | D        | Killed a polar bear
   632 | D        | Noticed a lindwurm
   674 | D        | Noticed a spiny frog
   677 | D        | Noticed a six-headed hydra
   677 | D        | Reached XP level 10. HP: 73/73 MP: 10/10
   682 | D        | Killed a lindwurm
   684 | D        | Killed a spiny frog
   698 | D        | Killed an eight-headed hydra
   698 | D        | Reached skill level 5 in Dodging
   938 | D        | Noticed a lindwurm
   945 | D        | Killed a lindwurm
   965 | D        | Noticed a lindwurm
   967 | D        | Received a gift from Trog
  1003 | D        | Killed a lindwurm
  1121 | D        | Noticed Erica
  1123 | D        | Noticed Psyche
  1137 | D        | Killed Erica
  1137 | D        | Reached XP level 11. HP: 80/80 MP: 11/11
  1143 | D        | Killed Psyche
  1230 | D        | Received a gift from Trog
  1255 | D        | Noticed an orc high priest
  1256 | D        | Noticed a soul eater
  1273 | D        | Noticed a sixfirhy
  1290 | D        | Killed an orc high priest
  1290 | D        | Reached ****** piety under Trog
  1290 | D        | Received a gift from Trog
  1290 | D        | Reached skill level 15 in Long Blades
  1342 | D        | Reached skill level 15 in Fighting
  1503 | D        | Noticed an orc knight
  1503 | D        | Noticed an orc high priest
  1512 | D        | Killed an orc high priest
  1512 | D        | Received a gift from Trog
  1515 | D        | Killed an orc knight
  1566 | D        | Found Rukhlywa's General Store.
  1566 | D        | Noticed an orc sorcerer
  1568 | D        | Noticed an orc sorcerer
  1569 | D        | Received a gift from Trog
  1570 | D        | Reached skill level 10 in Dodging
  1572 | D        | Noticed a sun demon
  1582 | D        | Killed an orc sorcerer
  1582 | D        | Received a gift from Trog
  1583 | D        | Found Zottufo's Armour Shop.
  1583 | D        | Paralysed by an orc sorcerer for 5 turns
  1589 | D        | Killed an orc sorcerer
  1602 | D        | Found Puuvvat's Distillery.
  1604 | D        | Noticed an orc sorcerer
  1605 | D        | Found Wynubehube's Armour Shop.
  1606 | D        | Noticed an orc sorcerer
  1611 | D        | Killed an orc sorcerer
  1614 | D        | Killed an orc sorcerer
  1619 | D        | Received a gift from Trog
  1620 | D        | Got a twisted broad axe {god gift}
  1648 | D        | Bought a ration for 60 gold pieces
  1648 | D        | Bought a scroll of identify for 24 gold pieces
  1659 | D        | Identified the +2 broad axe "Erifu Gali" {drain, Str+4} (Trog gifted it to you in the Dungeon)
  1709 | D        | Bought +0 ice dragon scales for 660 gold pieces
  1748 | D        | Noticed Maurice
  1756 | D        | Killed Maurice
  1969 | D        | Noticed a centaur warrior
  1969 | D        | Noticed an orc knight
  1969 | D        | Noticed a cyclops
  1973 | D        | Received a gift from Trog
  1977 | D        | Killed a cyclops
  1983 | D        | Killed an orc knight
  1983 | D        | Reached skill level 10 in Armour
  1986 | D        | Killed a centaur warrior
  1994 | D        | Reached XP level 12. HP: 79/88 MP: 12/12
  1996 | D        | Received a gift from Trog
  1997 | D        | Noticed a great orb of eyes
  2010 | D        | Killed a great orb of eyes
  2010 | D        | Received a gift from Trog
  2032 | D        | Noticed an ice dragon
  2032 | D        | Noticed a vampire knight
  2162 | D        | Killed an ice dragon
  2165 | D        | Killed a vampire knight
  2197 | D        | Noticed Rupert
  2205 | D        | Killed Rupert
  2287 | D        | Noticed a naga warrior
  2287 | D        | Noticed a naga sharpshooter
  2287 | D        | Noticed an anaconda
  2287 | D        | Noticed a nagaraja
  2294 | D        | HP: 2/90 [naga sharpshooter/bolt (15)]
  2299 | D        | Noticed a nagaraja
  2301 | D        | Gained mutation: You are frail. (-10% HP) [potion of mutation]
  2301 | D        | Gained mutation: You have an increased reservoir of magic. (+10% MP) [potion of mutation]
  2312 | D        | Killed a nagaraja
  2324 | D        | Slain by an anaconda

Vault maps used:
D:        linesprint

Skill      XL: |  1  2  3  4  5  6  7  8  9 10 11 12 |
---------------+-------------------------------------+-----
Long Blades    | 3 4 5 6 8 9 11 12 14 15 16 | 16.9
Fighting       | 4 5 6 7 9 10 11 13 14 15 16 | 16.7
Armour         | 3 6 8 10 | 10.9
Dodging        | 8 11 12 | 12.7

Action                   |  1- 3 |  4- 6 |  7- 9 | 10-12 || total
-------------------------+-------+-------+-------+-------++-------
Melee: Falchion          |    26 |     8 |       |       ||    34
       Scimitar          |       |    14 |    28 |   108 ||   150
       Double sword      |       |       |       |    61 ||    61
Invok: Berserk           |     1 |     1 |     2 |     4 ||     8
       Trog's Hand       |       |     1 |     2 |     1 ||     4
       Brothers in Arms  |       |     1 |     4 |    13 ||    18
  Use: Scroll            |       |       |       |    10 ||    10
       Potion            |       |       |       |     8 ||     8
 Stab: Invisible         |       |       |       |     1 ||     1
  Eat: Chunk             |     2 |     2 |    10 |    13 ||    27
Armor: Animal skin       |     1 |       |       |       ||     1
       Chain mail        |       |     4 |     8 |    40 ||    52
       Plate armour      |       |       |       |    11 ||    11
       Fire dragon scale |       |       |       |     4 ||     4
       Ice dragon scales |       |       |       |    13 ||    13
Dodge: Dodged            |    24 |    10 |     7 |    58 ||    99
       Rpst.: Falchion   |     9 |       |       |       ||     9
       Scimitar          |       |     2 |     4 |     6 ||    12
       Double sword      |       |       |       |    10 ||    10

Table legend:
 A = Spawn XP
 B = Non-spawn XP
 C = Spawn XP percentage of total XP
 D = Spawn monster count
 E = Non-spawn monster count
 F = Spawn count percentage of total count
 G = Total turns spent on level
                    A         B        C        D         E        F      G
               +---------+---------+-------+---------+---------+-------+---------
         Total |       0 |   21946 |   0.0 |       0 |     107 |   0.0 |  2324
               +---------+---------+-------+---------+---------+-------+---------
             D |       0 |   21946 |   0.0 |       0 |     107 |   0.0 |  2324
               +---------+---------+-------+---------+---------+-------+---------
